 Dungeon Crawl Stone Soup version 0.23.2-40-g277498a001 (webtiles) character file.

Game seed: 14877321238127950958

383 FishyPogo the Charmwright (level 6, -1/51 HPs)
             Began as a Gnoll Skald on Oct 4, 2019.
             Was a Follower of Wu Jian.
             Slain by a gnoll
             ... wielding a +0 whip
              (4 damage)
             ... on level 4 of the Dungeon.
             The game lasted 00:09:01 (3122 turns).

FishyPogo the Charmwright (Gnoll Skald)             Turns: 3122, Time: 00:09:02

Health: -1/51      AC:  5    Str: 14    XL:     6   Next: 76%
Magic:  14/14      EV: 15    Int: 15    God:    Wu Jian [*.....]
Gold:   163        SH:  0    Dex: 16    Spells: 14/15 levels left

rFire    . . .     SeeInvis .   a - +0 falchion
rCold    . . .     Gourm    .   (no shield)
rNeg     . . .     Faith    .   b - +1 leather armour
rPois    +         Spirit   .   (no helmet)
rElec    .         Reflect  .   (no cloak)
rCorr    .         Harm     .   y - +0 pair of gloves
MR       .....                  (no boots)
Stlth    +.........             o - amulet of regeneration
HPRegen  0.57/turn              x - ring of attention (curse)
MPRegen  0.14/turn              w - ring of poison resistance

@: no status effects
A: distributed training, fangs 1, strong nose
a: Renounce Religion


You were on level 4 of the Dungeon.
You worshipped Wu Jian.
Wu Jian was aware of your devotion.
You were not hungry.

You visited 1 branch of the dungeon, and saw 4 of its levels.

You collected 163 gold pieces.

Inventory:

Hand Weapons
 a - a +0 falchion (weapon)
 u - a +0 short sword of speed
Missiles
 h - 95 stones (quivered)
 i - 3 tomahawks
Armour
 b - a +1 leather armour (worn)
 y - a +0 pair of gloves (worn)
Jewellery
 o - an amulet of regeneration (around neck)
 t - an uncursed amulet of the gourmand
 v - an uncursed ring of magical power
 w - a ring of poison resistance (right hand)
 x - a cursed ring of attention (left hand)
Wands
 B - a wand of random effects (12)
Scrolls
 k - a scroll of teleportation {unknown}
 m - a scroll of fear
 p - a scroll of noise {unknown}
 q - a scroll of magic mapping {unknown}
 r - 5 scrolls of identify {unknown}
Potions
 c - 2 potions of curing {unknown}
 e - 2 potions of agility {unknown}
 f - a potion of flight {unknown}
 g - a potion of lignification {unknown}
 j - 4 potions of degeneration {unknown}
 l - 2 potions of mutation {unknown}
 n - a potion of cancellation {unknown}
 z - a potion of heal wounds {unknown}
 A - a potion of magic {unknown}
Comestibles
 d - 6 rations
 s - 6 chunks of flesh


   Skills:
 + Level 5.0 Fighting
 + Level 2.0 Short Blades
 + Level 5.0 Long Blades
 + Level 2.0 Axes
 + Level 2.0 Maces & Flails
 + Level 2.0 Polearms
 + Level 2.0 Staves
 + Level 2.0 Slings
 + Level 2.0 Bows
 + Level 2.0 Crossbows
 + Level 2.0 Throwing
 + Level 3.3 Armour
 + Level 5.0 Dodging
 + Level 2.0 Stealth
 + Level 2.0 Shields
 + Level 2.0 Unarmed Combat
 + Level 5.4 Spellcasting
 + Level 1.6 Conjurations
 + Level 1.6 Hexes
 + Level 5.7 Charms
 + Level 1.6 Summonings
 + Level 1.6 Necromancy
 + Level 1.6 Translocations
 + Level 1.6 Transmutations
 + Level 1.6 Fire Magic
 + Level 1.6 Ice Magic
 + Level 1.6 Air Magic
 + Level 1.6 Earth Magic
 + Level 1.6 Poison Magic
 + Level 2.2 Invocations
 + Level 2.0 Evocations


You had 14 spell levels left.
You knew the following spells:

 Your Spells              Type           Power        Failure   Level  Hunger
d - Infusion              Chrm           ###.         1%          1    None

Your spell library contained the following spells:

 Spells                   Type           Power        Failure   Level  Hunger
 Song of Slaying          Chrm           ###.....     2%          2    #......
 Shroud of Golubria       Chrm/Tloc      ###.......   6%          2    #......
 Regeneration             Chrm/Necr      ###.......   13%         3    ###....
 Spectral Weapon          Hex/Chrm       ###.....     13%         3    ###....


Dungeon Overview and Level Annotations

Branches:
Dungeon (4/15)             Temple (0/1) D:4

Altars:
Fedhas
Uskayaw
Wu Jian


Innate Abilities, Weirdness & Mutations

Your experience applies equally to all skills.
You have very sharp teeth.
Your uncanny sense of smell can sniff out nearby items.


Message History

You spin and attack the ogre.
You hit the ogre but do no damage.
The ogre is severely wounded.
The hound completely misses you. The hound barely misses you.
You see here a knobbly emerald ring.
You barely miss the gnoll.
The gnoll is severely wounded.
The hound misses you.
You riposte.
You barely miss the hound.
The hound is heavily wounded.
You closely miss the ogre.
The ogre is severely wounded.
The hound closely misses you.
The ogre hits you with a +0 giant spiked club!
* * * LOW HITPOINT WARNING * * *
The gnoll hits you but does no damage.
You spin and attack the gnoll.
You hit the gnoll.
The gnoll is severely wounded.
The hound completely misses you.
You riposte.
You closely miss the hound.
The hound is heavily wounded.
The gnoll hits you with a +0 whip.
You die...

#<....# ............#
.############
############## ####
...#....g.......##...#
.......@hO...)....##
########g..........##
#######......###
#........## #.........#
####.........#
#####............#
###+###................#
#.....#................#


You could see an ogre, a hound and 2 gnolls.

Vanquished Creatures
  A howler monkey (D:4)
  An iguana (D:4)
  Jessica (D:3)
  Terence (D:3)
  2 worker ants (D:4)
  Natasha (thrice) (D:3)
  A gnoll (D:4)
  3 adders (D:2)
  An ooze (D:4)
  3 worms
  3 dart slugs
  A leopard gecko (D:1)
  5 orcs (D:3)
  A giant cockroach (D:1)
  16 goblins
  10 hobgoblins
  6 jackals (D:3)
  4 quokkas
  6 bats
  A frilled lizard (D:4)
  7 kobolds
  A leopard gecko skeleton (D:4)
  8 rats
86 creatures vanquished.

Notes
Turn   | Place    | Note
-------+----------+-------------------------------------------
     0 | D:1      | FishyPogo the Gnoll Skald began the quest for the Orb.
     0 | D:1      | Reached XP level 1. HP: 20/20 MP: 6/6
   294 | D:1      | Reached XP level 2. HP: 26/26 MP: 7/7
   510 | D:1      | Reached XP level 3. HP: 14/31 MP: 9/9
   545 | D:1      | Reached skill level 5 in Spellcasting
   608 | D:1      | Found an ornate altar of the Wu Jian Council.
   615 | D:1      | Became a worshipper of the Wu Jian Council
   933 | D:2      | Reached skill level 1 in Invocations
  1116 | D:2      | Reached skill level 1 in Short Blades
  1116 | D:2      | Reached skill level 1 in Axes
  1116 | D:2      | Reached skill level 1 in Maces & Flails
  1116 | D:2      | Reached skill level 1 in Polearms
  1116 | D:2      | Reached skill level 1 in Staves
  1116 | D:2      | Reached skill level 1 in Slings
  1116 | D:2      | Reached skill level 1 in Bows
  1116 | D:2      | Reached skill level 1 in Crossbows
  1116 | D:2      | Reached skill level 1 in Throwing
  1116 | D:2      | Reached skill level 1 in Stealth
  1116 | D:2      | Reached skill level 1 in Shields
  1116 | D:2      | Reached skill level 1 in Unarmed Combat
  1116 | D:2      | Reached skill level 1 in Evocations
  1116 | D:2      | Reached XP level 4. HP: 10/38 MP: 11/11
  2087 | D:3      | Reached skill level 1 in Conjurations
  2087 | D:3      | Reached skill level 1 in Hexes
  2087 | D:3      | Reached skill level 1 in Summonings
  2087 | D:3      | Reached skill level 1 in Necromancy
  2087 | D:3      | Reached skill level 1 in Translocations
  2087 | D:3      | Reached skill level 1 in Transmutations
  2087 | D:3      | Reached skill level 1 in Fire Magic
  2087 | D:3      | Reached skill level 1 in Ice Magic
  2087 | D:3      | Reached skill level 1 in Air Magic
  2087 | D:3      | Reached skill level 1 in Earth Magic
  2087 | D:3      | Reached skill level 1 in Poison Magic
  2088 | D:3      | Reached * piety under Wu Jian
  2130 | D:3      | Noticed Jessica
  2134 | D:3      | Killed Jessica
  2134 | D:3      | Reached XP level 5. HP: 29/43 MP: 12/12
  2239 | D:3      | Noticed Natasha
  2249 | D:3      | Killed Natasha
  2254 | D:3      | Noticed Terence
  2268 | D:3      | Killed Terence
  2295 | D:3      | Found a hide-covered altar of Uskayaw.
  2299 | D:3      | Noticed a +0 dagger
  2299 | D:3      | Noticed a +0 hand axe
  2523 | D:3      | Noticed Natasha
  2531 | D:3      | Killed Natasha
  2535 | D:3      | Noticed Natasha
  2550 | D:3      | Killed Natasha
  2550 | D:3      | Reached XP level 6. HP: 19/50 MP: 13/13
  3028 | D:4      | Found a blossoming altar of Fedhas.
  3043 | D:4      | Reached skill level 5 in Fighting
  3043 | D:4      | Reached skill level 5 in Long Blades
  3043 | D:4      | Reached skill level 5 in Dodging
  3074 | D:4      | Found a staircase to the Ecumenical Temple.
  3122 | D:4      | Slain by a gnoll

Skill      XL: |  1  2  3  4  5  6 |
---------------+-------------------+-----
Spellcasting   | 5 |  5.4
Invocations    | 1 2 |  2.2
Short Blades   | 1 2 |  2.0
Axes           | 1 2 |  2.0
Maces & Flails | 1 2 |  2.0
Polearms       | 1 2 |  2.0
Staves         | 1 2 |  2.0
Slings         | 1 2 |  2.0
Bows           | 1 2 |  2.0
Crossbows      | 1 2 |  2.0
Throwing       | 1 2 |  2.0
Stealth        | 1 2 |  2.0
Shields        | 1 2 |  2.0
Unarmed Combat | 1 2 |  2.0
Evocations     | 1 2 |  2.0
Conjurations   | 1 |  1.6
Hexes          | 1 |  1.6
Summonings     | 1 |  1.6
Necromancy     | 1 |  1.6
Translocations | 1 |  1.6
Transmutations | 1 |  1.6
Fire Magic     | 1 |  1.6
Ice Magic      | 1 |  1.6
Air Magic      | 1 |  1.6
Earth Magic    | 1 |  1.6
Poison Magic   | 1 |  1.6
Armour         | 3 |  3.3
Fighting       | 5 |  5.0
Long Blades    | 5 |  5.0
Dodging        | 5 |  5.0
Charms         | |  5.7

Action                   |  1- 3 |  4- 6 || total
-------------------------+-------+-------++-------
Melee: Falchion          |    86 |   248 ||   334
       Bite              |     6 |    32 ||    38
       Punch             |     1 |     3 ||     4
Throw: Stone             |     2 |     2 ||     4
 Cast: Infusion          |       |     1 ||     1
Invok: Lunge             |     5 |    23 ||    28
       Whirlwind         |       |    30 ||    30
  Use: Scroll            |       |     3 ||     3
 Stab: Sleeping          |     1 |     2 ||     3
  Eat: Chunk             |     1 |     7 ||     8
Armor: Leather armour    |    19 |    49 ||    68
Dodge: Dodged            |    68 |   200 ||   268
       Rpst.: Falchion   |    26 |    62 ||    88
